 Dungeon Crawl Stone Soup version 0.30.0-29-ga12c61a403 (webtiles) character file.

Game seed: 18395690580192409914

13121 McKennaii the Destroyer (level 11, -1/81 HPs)
             Began as a Demonspawn Fighter on June 5, 2023.
             Was a Priest of Vehumet.
             Slain by a vampire mosquito (6 damage)
             ... on level 11 of the Dungeon.
             The game lasted 00:26:19 (16199 turns).

McKennaii the Destroyer (Demonspawn Fighter)       Turns: 16199, Time: 00:26:19

Health: -1/81      AC: 18    Str: 18    XL:     11   Next: 71%
Magic:  3/24       EV:  9    Int: 13    God:    Vehumet [***...]
Gold:   710        SH:  9    Dex: 12    Spells: 24/28 levels left

rFire   . . .        Q - staff of conjuration
rCold   . . .        c - +0 buckler
rNeg    . . .        b - +0 scale mail
rPois   +            i - +0 helmet
rElec   .            k - +0 cloak
rCorr   .            (no gloves)
SInv    +            A - +1 pair of boots
Will    .....        D - amulet of reflection Stlth
                     t - ring of see invisible
HPRegen 0.33/turn    (no ring)
MPRegen 0.19/turn

%: reflection
@: no status effects
A: slimy green scales 3, demonic magic 1, weakness stinger 1
a: Renounce Religion


You were on level 11 of the Dungeon.
You worshipped Vehumet.
Vehumet was most pleased with you.
You visited 2 branches of the dungeon, and saw 12 of its levels.
You also visited: Bailey.

You collected 906 gold pieces.
You spent 196 gold pieces at shops.

Inventory:

Hand Weapons
 a - a +1 trident
Armour
 b - a +0 scale mail (worn)
 c - a +0 buckler (worn)
 i - a +0 helmet (worn)
 k - a +0 cloak (worn)
 A - a +1 pair of boots (worn)
 K - a +3 chain mail
Magical Staves
 Q - a staff of conjuration (weapon)
Jewellery
 t - a ring of see invisible (left hand)
 D - an amulet of reflection (around neck)
Wands
 y - a wand of flame (15)
 F - a wand of digging (5)
 I - a wand of iceblast (6)
 L - a wand of paralysis (4)
Scrolls
 e - 2 scrolls of enchant weapon
 g - 6 scrolls of fog {unknown}
 h - 3 scrolls of fear {unknown}
 j - a scroll of blinking {unknown}
 l - 3 scrolls of immolation
 m - 4 scrolls of vulnerability {unknown}
 o - a scroll of enchant armour {unknown}
 q - 4 scrolls of teleportation
 r - a scroll of summoning {unknown}
 s - 12 scrolls of identify {unknown}
 x - a scroll of silence {unknown}
 B - a scroll of brand weapon {unknown}
 G - 4 scrolls of poison {unknown}
 H - a scroll of acquirement
 J - 3 scrolls of noise {unknown}
 O - 2 scrolls of amnesia {unknown}
Potions
 d - 4 potions of might
 f - 6 potions of degeneration {unknown}
 n - a potion of invisibility {unknown}
 p - 3 potions of brilliance {unknown}
 u - 2 potions of flight {unknown}
 v - 9 potions of curing
 w - a potion of heal wounds
 z - 2 potions of resistance {unknown}
 C - a potion of lignification {unknown}
 E - a potion of haste {unknown}
 M - a potion of mutation
 P - a potion of attraction {unknown}


   Skills:
 - Level 6.0 Fighting
 - Level 2.4 Polearms
 + Level 9.8 Armour
 - Level 3.2 Shields
 + Level 9.2 Spellcasting
 + Level 10.0 Conjurations
 - Level 4.3 Earth Magic


You had 24 spell levels left.
You knew the following spells:

 Your Spells              Type           Power      Damage    Failure   Level
a - Magic Dart            Conj           100%       1d8       1%          1
d - Stone Arrow           Conj/Erth      72%        3d11      1%          3

Your spell library contained the following spells:

 Spells                   Type           Power      Damage    Failure   Level
 Static Discharge         Conj/Air       56%        2-5/arc   2%          2
 Hailstorm                Conj/Ice       28%        3d8       4%          3
 Mephitic Cloud           Conj/Pois/Air  22%        N/A       9%          3
 Flame Wave               Conj/Fire      28%        2d9       13%         4
 Scorch                   Fire           10%        2d5       16%         2
 Inner Flame              Hex/Fire       5%         N/A       30%         3
 Irradiate                Conj/Tmut      14%        3d16      34%         5
 Call Imp                 Summ           10%        N/A       52%         2
 Animate Armour           Summ/Erth      22%        N/A       86%         4
 Yara's Violent Unravell  Hex/Tmut       2%         3d3       93%         5
 Ice Form                 Ice/Tmut       5%         N/A       99%         4
 Summon Ice Beast         Ice/Summ       5%         N/A       99%         4
 Blade Hands              Tmut           2%         N/A       100%        5
 Summon Mana Viper        Hex/Summ       5%         N/A       100%        5
 Simulacrum               Ice/Necr       2%         N/A       100%        6
 Summon Cactus Giant      Summ           2%         N/A       100%        6
 Dragon Form              Tmut           2%         N/A       100%        7
 Enfeeble                 Hex            2%         N/A       100%        7
 Monstrous Menagerie      Summ           2%         N/A       100%        7
 Lehudib's Crystal Spear  Conj/Erth      18%        10d5      100%        8


Dungeon Overview and Level Annotations

Branches:
Dungeon (11/15)            Temple (1/1) D:6            Lair (0/5) D:10
    Orc (0/2) D:9          Bailey (visited)

Altars:
Ashenzari
Cheibriados
Dithmenos
Fedhas
Gozag
Hepliaklqana
Kikubaaqudgha
Makhleb
Nemelex Xobeh
Okawaru
Qazlal
Ru
Sif Muna
Trog
Uskayaw
Vehumet
Wu Jian
Xom
Yredelemnul

Shops:
D:1 [   D:10 !

Annotations:
D:11 Snorg


Innate Abilities, Weirdness & Mutations

You are completely covered in slimy green scales. (AC +4, rPois)
Spells you cast may paralyse adjacent enemies.
You have a small tail.


Message History

You block the vampire mosquito's attack.
The vampire mosquito bites you but does no damage.
The vampire mosquito attacks as you move away!
You block the vampire mosquito's attack.
The vampire mosquito attacks as you move away!
The vampire mosquito bites you but does no damage.
Your surroundings suddenly seem different.
Snorg the Insatiable comes into view.
Found three stone staircases leading down.
Snorg shouts!
A boulder beetle comes into view.
The boulder beetle curls into a ball and begins rolling!
As you read the scroll of teleportation, it crumbles to dust.
You feel strangely unstable.
The boulder beetle attacks as you move away!
The boulder beetle hits you!
* * * LOW HITPOINT WARNING * * *
The boulder beetle stops rolling and uncurls.
Your surroundings suddenly seem different.
The vampire mosquito buzzes angrily.
Okay, then.
Casting: Stone Arrow (safe; 1% risk of failure)
Confirm with . or Enter, or press ? or * to list all spells.
Aiming: Stone Arrow (safe; 1% risk of failure)
Press: ? - help, Shift-Dir - straight line, f - vampire mosquito
Aim: a vampire mosquito (57% to hit)
You feel a surge of power!
The stone arrow hits the vampire mosquito!
The vampire mosquito is moderately damaged.
Malevolent energies surge around you.
Unknown command.
Casting: Stone Arrow (safe; 1% risk of failure)
Confirm with . or Enter, or press ? or * to list all spells.
Aiming: Stone Arrow (safe; 1% risk of failure)
Press: ? - help, Shift-Dir - straight line, f/p - vampire mosquito
Aim: a vampire mosquito (moderately damaged, 57% to hit)
You feel a surge of power!
The stone arrow misses the vampire mosquito.
Malevolent energies surge around you. The vampire mosquito bites you.
You die...

########################
........>>>.............
........................
........................
.........................
..........................
................@y.........
...........................
...........................
...........................
...........................
...........................
....................†......
...........................
..................†.>......


You could see a vampire mosquito.

Vanquished Creatures
  2 two-headed ogres
  Nergalle (D:9)
  Lodul (D:10)
  An orc knight (Bailey)
  A manticore (D:11)
  Maggie (D:7)
  A gargoyle (D:9)
  Joseph (D:8)
  A komodo dragon (D:9)
  Psyche (D:10)
  2 trolls
  Grinder (D:4)
  3 wraiths (D:10)
  A vampire (D:10)
  A wyvern (D:10)
  9 yaks
  A steam dragon (D:9)
  A vampire mosquito (D:11)
  Menkaure (D:4)
  4 acid dragons (D:10)
  A water moccasin (D:9)
  3 sky beasts
  An ice beast (D:7)
  17 orc warriors
  11 ogres
  3 centaurs
  3 bullfrogs
  4 kobold brigands
  2 gnoll sergeants
  A scorpion (D:4)
  6 wights
  2 killer bees (D:10)
  5 howler monkeys
  4 hounds
  3 orc priests
  2 gnoll boudas
  A jelly (D:4)
  2 iguanas (D:5)
  A sleepcap (D:4)
  2 orc wizards
  Robin (D:4)
  13 gnolls
  11 adders
  2 shadow imps
  A worm (D:4)
  3 dart slugs
  30 orcs
  8 endoplasms
  A giant cockroach (D:1)
  20 goblins
  12 hobgoblins
  5 jackals
  4 quokkas
  6 ball pythons
  5 bats
  2 frilled lizards
  19 kobolds
  6 rats
  A spectral goblin (D:1)
259 creatures vanquished.

Vanquished Creatures (others)
  2 orc wizards (D:10)
2 creatures vanquished.

Grand Total: 261 creatures vanquished

Notes
Turn   | Place    | Note
-------+----------+-------------------------------------------
     0 | D:1      | McKennaii the Demonspawn Fighter began the quest for the
                  | Orb.
     0 | D:1      | Reached XP level 1. HP: 18/18 MP: 1/1
   224 | D:1      | Gained mutation: You are partially covered in slimy green
                  | scales. (AC +2) [demonic ancestry]
   224 | D:1      | Reached XP level 2. HP: 24/24 MP: 2/2
   271 | D:1      | Found a faded altar of an unknown god.
   518 | D:1      | Gained mutation: Spells you cast may paralyse adjacent
                  | enemies. [demonic ancestry]
   518 | D:1      | Reached XP level 3. HP: 29/29 MP: 3/3
   614 | D:1      | Found Doroguqa's Antique Armour Shop.
  1711 | D:3      | Gained mutation: You are mostly covered in slimy green
                  | scales. (AC +3) [demonic ancestry]
  1711 | D:3      | Reached XP level 4. HP: 35/35 MP: 4/4
  1713 | D:3      | Learned a level 1 spell: Magic Dart
  2005 | D:4      | Noticed Grinder
  2313 | D:4      | Reached skill level 1 in Spellcasting
  2508 | D:4      | Reached skill level 1 in Conjurations
  2508 | D:4      | Gained mutation: You are completely covered in slimy green
                  | scales. (AC +4, rPois) [demonic ancestry]
  2508 | D:4      | Reached XP level 5. HP: 42/42 MP: 6/6
  2519 | D:4      | Noticed a sky beast
  2522 | D:4      | Noticed Menkaure
  2557 | D:4      | Killed a sky beast
  2594 | D:4      | Killed Menkaure
  2595 | D:4      | Reached skill level 2 in Conjurations
  2595 | D:4      | Reached XP level 6. HP: 12/49 MP: 7/9
  2909 | D:4      | Noticed Robin
  2926 | D:4      | Killed Robin
  3061 | D:4      | Paralysed by Grinder for 5 turns
  3088 | D:4      | Killed Grinder
  3089 | D:4      | Reached skill level 3 in Conjurations
  3089 | D:4      | Gained mutation: You have a small tail. [demonic ancestry]
  3089 | D:4      | Reached XP level 7. HP: 30/55 MP: 9/11
  3464 | D:3      | Reached skill level 5 in Fighting
  3806 | D:5      | Entered Level 5 of the Dungeon
  4223 | D:4      | Reached skill level 5 in Armour
  4314 | D:4      | Reached XP level 8. HP: 63/63 MP: 13/13
  4334 | D:4      | Reached skill level 4 in Conjurations
  5791 | D:6      | Found a staircase to the Ecumenical Temple.
  5824 | Temple   | Entered the Ecumenical Temple
  6089 | Temple   | Became a worshipper of Vehumet
  6180 | D:6      | Reached skill level 5 in Conjurations
  6387 | D:6      | Found a shimmering altar of Xom.
  6395 | D:6      | Found a hazy altar of Hepliaklqana.
  7142 | D:7      | Reached skill level 5 in Spellcasting
  7213 | D:7      | Reached XP level 9. HP: 57/69 MP: 16/16
  7305 | D:7      | Noticed Maggie
  7332 | D:7      | HP: 3/69 [Maggie/bolt of fire (22)]
  7336 | D:7      | Killed Maggie
  7638 | D:7      | Reached skill level 6 in Conjurations
  7642 | D:7      | Learned a level 3 spell: Stone Arrow
  8153 | D:8      | Noticed a two-headed ogre
  8336 | D:8      | Reached skill level 1 in Earth Magic
  8566 | D:8      | Noticed Joseph
  9011 | D:8      | Killed Joseph
  9273 | D:9      | Found a flagged portal.
  9294 | Bailey   | Entered a bailey
  9324 | Bailey   | Reached * piety under Vehumet
  9324 | Bailey   | Offered knowledge of Freeze by Vehumet.
  9546 | Bailey   | Reached skill level 7 in Conjurations
  9843 | Bailey   | Reached XP level 10. HP: 29/76 MP: 19/19
 10209 | Bailey   | Noticed an orc knight
 10669 | Bailey   | Killed an orc knight
 10817 | D:9      | Noticed a gargoyle
 11103 | D:9      | Killed a gargoyle
 11524 | D:9      | Offered knowledge of Poisonous Vapours by Vehumet.
 11583 | D:9      | Reached ** piety under Vehumet
 12025 | D:9      | Reached skill level 8 in Conjurations
 12257 | D:9      | Found a staircase to the Orcish Mines.
 12723 | D:10     | Entered Level 10 of the Dungeon
 12723 | D:10     | Noticed Nergalle
 12760 | D:9      | Killed Nergalle
 12947 | D:8      | Killed a two-headed ogre
 13313 | D:10     | Noticed Psyche
 13336 | D:10     | Killed Psyche
 13337 | D:10     | Reached XP level 11. HP: 81/81 MP: 22/22
 13519 | D:10     | Found a staircase to the Lair.
 13703 | D:10     | Noticed a two-headed ogre
 13713 | D:10     | Killed a two-headed ogre
 13899 | D:10     | Noticed Lodul
 14028 | D:9      | Reached skill level 9 in Conjurations
 14306 | D:10     | Killed Lodul
 14426 | D:10     | Found Coclou's Distillery.
 14429 | D:10     | Bought a potion of curing for 42 gold pieces
 14429 | D:10     | Bought a potion of curing for 42 gold pieces
 14429 | D:10     | Bought a potion of mutation for 112 gold pieces
 14877 | D:10     | Offered knowledge of Static Discharge by Vehumet.
 15294 | D:10     | Noticed an orc knight
 15713 | D:11     | Reached *** piety under Vehumet
 16166 | D:11     | Reached skill level 10 in Conjurations
 16178 | D:11     | Noticed a two-headed ogre
 16183 | D:11     | Noticed Snorg
 16191 | D:11     | Noticed a boulder beetle
 16196 | D:11     | HP: 4/81 [boulder beetle (13)]
 16199 | D:11     | Slain by a vampire mosquito

Illustrated notes

Levels and vault maps discovered:
D:1:      sevenhm_arrival_forest_fort_small_5, layout_basic,
          dreamdust_ecumenical_altar_drowned_temple, serial_shops, shop,
          chequers_serial_rivers_room_b, minmay_ruptured
D:2:      layout_rooms
D:3:      layout_basic
D:4:      layout_loops_corners, minmay_goblin_outpost, uniq_robin,
          uniq_menkaure, uniq_grinder
D:5:      layout_loops_ring
D:6:      layout_basic, minitemple, minmay_temple_entry_junction
D:7:      layout_loops_ring, uniq_maggie
D:8:      layout_loops_ring, uniq_joseph
D:9:      layout_basic, orc_david_3, enter_bailey_5
D:10:     minmay_the_grid_triangle_9x9_rhombus_full
          [minmay_the_grid_triangle_9x9_flanged_cone,
          minmay_the_grid_triangle_9x9_swiss_cheese,
          minmay_the_grid_triangle_9x9_minimal,
          minmay_the_grid_triangle_9x9_wacky_v,
          minmay_the_grid_triangle_9x9_alien,
          minmay_the_grid_triangle_9x9_odd_lines,
          minmay_the_grid_triangle_9x9_windchime,
          minmay_the_grid_triangle_9x9_prize_schism], layout_irregular_city,
          serial_shops, nicolae_shop_window_shopping, minmay_joined_circles,
          uniq_lodul, uniq_nergalle, uniq_psyche
D:11:     layout_big_octagon, uniq_snorg
Temple:   compressed_dpeg_triangle_lava_temple

Skill      XL: |  1  2  3  4  5  6  7  8  9 10 11 |
---------------+----------------------------------+-----
Polearms       | 2 |  2.4
Armour         | 3 4 5 6 7 8 9 |  9.8
Shields        | 3 |  3.2
Spellcasting   | 1 2 3 5 6 7 9 |  9.2
Conjurations   | 1 2 3 5 7 8 10 | 10.0
Fighting       | 4 5 6 |  6.0
Earth Magic    | 2 4 |  4.3

Action                     |  1- 3 |  4- 6 |  7- 9 | 10-12 || total
---------------------------+-------+-------+-------+-------++-------
  Melee: Trident           |   143 |   191 |   522 |   154 ||  1010
         Tailslap          |       |       |    89 |    31 ||   120
         Unarmed           |       |       |       |    10 ||    10
         Staff             |       |       |       |    19 ||    19
   Cast: Magic Dart        |       |     1 |    29 |    34 ||    64
         Stone Arrow       |       |       |    13 |   170 ||   183
  Evoke: Wand              |       |       |     5 |     5 ||    10
    Use: Scroll            |       |     4 |       |     3 ||     7
         Potion            |       |     1 |     2 |     1 ||     4
   Stab: Paralysed         |       |       |       |    13 ||    13
 Armour: Scale mail        |    50 |    94 |   246 |   154 ||   544
         Skin              |       |       |       |     3 ||     3
  Dodge: Dodged            |    50 |    66 |   230 |   117 ||   463
  Block: Buckler           |    26 |    42 |   177 |   161 ||   406
         Reflection        |       |       |    33 |     9 ||    42
         Other             |       |       |       |     3 ||     3
